cohdb
Replays
Latest Replays
All Replays
Popular Replays
Top Player Replays
Match Explorer
How It Works
Community
CoH3 Stats
Reddit
Sign in to upload your games and track your stats! →
Sign in with Steam
Match 43760827
Unlisted
Match 43760827
Overview
Messages
Build Orders
End
Construct Infanterie Kompanie
Grenadier Squad
Grenadier Squad
MG 42 Machine Gun Team
GrW 34 Mortar Team
MG 42 Bunker
Construct Panzergrenadier Kompanie
Grenadier Squad
Infanterie Officer Quarters
Support Elements
Pak 40 Anti-tank Gun Team
Selects Mechanized Battlegroup
Selects Raid Package
Selects StuG Assault Group
Medical Bunker
Nebelwerfer 42 Rocket Launcher Team
DIHFrosche
Feldschlößchen
Aslansia
Papa Shango
Husar
Felipe
0
0
Comments
sign in to comment!
No comments posted yet!